[Event "WYCC U18 Girls 2019"]
[Site "Mumbai"]
[Date "2019.10.05"]
[Round "5.10"]
[White "Serikbay, Assel"]
[Black "Tarini Goyal"]
[Result "1/2-1/2"]
[ECO "A40"]
[WhiteElo "2208"]
[BlackElo "2128"]
[Annotator "ChessBase"]
[PlyCount "65"]
[EventDate "2019.10.02"]
[EventType "swiss"]
[EventCountry "IND"]
[SourceTitle "playchess.com"]
[Source "ChessBase"]
[SourceQuality "1"]
[TimeControl "40/5400+30:1800+30"]

1. d4 Nf6 2. c4 e6 3. g3 d5 4. Nf3 Bb4+ 5. Bd2 Be7 6. Bg2 O-O 7. O-O Nbd7 8. Qc2 c6 9. Rd1 b6 10. Bf4 Ba6 11. cxd5 cxd5 12. Ne5 Rc8 13. Nc6 Nh5 14. Bc1 Nb8 15. Nxe7+ Qxe7 16. Nc3 h6 17. Bf3 Nf6 18. Bf4 b5 19. Qd2 Nbd7 20. a3 Nb6 21. e4 dxe4 22. Nxe4 Nxe4 23. Bxe4 Bb7 24. Bd6 Qxd6 25. Bxb7 Rc7 26. Be4 Rd8 27. Rac1 Rxc1 28. Qxc1 Rc8 29. Qd2 Rc7 30. Qa5 Qd7 31. Qd2 Qd6 32. Qa5 Qd7 33. Qd2 1/2-1/2

[Event "WYCC U18 Girls 2019"]
[Site "Mumbai"]
[Date "2019.10.05"]
[Round "5.11"]
[White "Pandey, Srishti"]
[Black "Makhija, Aashna"]
[Result "0-1"]
[ECO "A05"]
[WhiteElo "1963"]
[BlackElo "2084"]
[Annotator "NA RC"]
[PlyCount "155"]
[EventDate "2019.10.02"]
[EventType "swiss"]
[EventCountry "IND"]
[SourceTitle "playchess.com"]
[Source "ChessBase"]
[SourceQuality "1"]
[TimeControl "40/5400+30:1800+30"]

1. Nf3 Nf6 2. g3 d5 3. Bg2 e6 4. O-O Be7 5. d3 O-O 6. Nbd2 Nc6 7. e4 dxe4 8. dxe4 e5 9. c3 a5 {[%emt 0:01:20] A07: Réti Opening: New York and Capablanca Systems} 10. Qe2 Bc5 11. Nc4 Qe7 12. Bg5 h6 13. Bxf6 Qxf6 14. Ne3 {[%emt 0:00:27] [#]} Bxe3 $146 ({Predecessor:} 14... Ne7 15. Rfd1 c6 16. a4 b6 17. Nc4 {0-1 (42) Van Wely,L (2632)-Ganguly,S (2652) Berlin 2015}) 15. fxe3 Qe7 16. Rad1 Bd7 17. Rd2 Rad8 18. Rfd1 Bc8 19. Qb5 Rxd2 20. Rxd2 Qf6 21. a3 b6 22. Rd5 Bg4 $15 23. Qf1 Ne7 24. Rd2 Nc8 25. Rd5 c6 26. Rd3 Nd6 27. Nd2 Qe7 28. Qe1 a4 29. c4 Be6 30. Qc1 Nb7 31. b4 axb3 32. Rxb3 Na5 33. Rb4 Qc5 34. Qc3 b5 35. Bf1 Rd8 36. Kf2 bxc4 37. Ra4 Nb7 38. Nxc4 f6 39. Qb4 Qxb4 40. axb4 Bxc4 41. Bxc4+ Kh7 42. Ke2 Nd6 43. Be6 Rb8 44. h4 h5 45. Kf3 Kg6 46. g4 hxg4+ 47. Kxg4 Kh6 48. Kf3 Rb7 49. Bg4 g6 50. Be6 Kh5 51. Ra6 Rxb4 52. Rxc6 Nxe4 53. Bd5 f5 54. Bf7 Kxh4 55. Bxg6 Kg5 56. Be8 Nf6 57. Bf7 e4+ 58. Kg3 Rb2 59. Rc3 Re2 60. Bc4 Rb2 61. Bf7 Re2 62. Bc4 Nh5+ 63. Kh3 Rf2 64. Bf7 Nf6 65. Rc8 Rf3+ 66. Kg2 Rxe3 67. Kf2 Ng4+ 68. Kf1 Rf3+ 69. Ke2 Rf2+ 70. Ke1 Rb2 71. Be6 Kf4 72. Ra8 Ne5 73. Kd1 Nd3 74. Bc4 Ke3 75. Bxd3 Rd2+ 76. Ke1 Rxd3 77. Rh8 f4 78. Rh1 0-1

[Event "WYCC U18 Girls 2019"]
[Site "Mumbai"]
[Date "2019.10.05"]
[Round "5.11"]
[White "Pandey Srishti"]
[Black "Makhija, Aashna"]
[Result "*"]
[ECO "A05"]
[WhiteElo "1963"]
[BlackElo "2084"]
[Annotator "NA"]
[PlyCount "82"]
[EventDate "2019.10.02"]
[EventType "swiss"]
[EventCountry "IND"]
[SourceTitle "playchess.com"]
[Source "ChessBase"]
[SourceQuality "1"]
[TimeControl "40/5400+30:1800+30"]

1. Nf3 Nf6 2. g3 d5 3. Bg2 e6 4. O-O Be7 5. d3 O-O 6. Nbd2 Nc6 7. e4 dxe4 8. dxe4 e5 9. c3 a5 {[%emt 0:01:20] A07: Réti Opening: New York and Capablanca Systems} 10. Qe2 Bc5 11. Nc4 Qe7 12. Bg5 h6 13. Bxf6 Qxf6 14. Ne3 {[%emt 0:00:27] [#]} Bxe3 $146 ({Predecessor:} 14... Ne7 15. Rfd1 c6 16. a4 b6 17. Nc4 {0-1 (42) Van Wely,L (2632)-Ganguly,S (2652) Berlin 2015}) 15. fxe3 Qe7 16. Rad1 Bd7 17. Rd2 Rad8 18. Rfd1 Bc8 19. Qb5 Rxd2 20. Rxd2 Qf6 21. a3 b6 22. Rd5 Bg4 $15 23. Qf1 Ne7 24. Rd2 Nc8 25. Rd5 c6 26. Rd3 Nd6 27. Nd2 Qe7 28. Qe1 a4 29. c4 Be6 30. Qc1 Nb7 31. b4 axb3 32. Rxb3 Na5 33. Rb4 Qc5 34. Qc3 b5 35. Bf1 Rd8 36. Kf2 bxc4 37. Ra4 Nb7 38. Nxc4 f6 39. Qb4 Qxb4 40. axb4 Bxc4 41. Bxc4+ Kh7 *

[Event "WYCC U18 Girls 2019"]
[Site "Mumbai"]
[Date "2019.10.05"]
[Round "5.12"]
[White "Nestorovic, Katarina"]
[Black "Azali, Tannaz"]
[Result "0-1"]
[ECO "B48"]
[WhiteElo "2073"]
[BlackElo "2022"]
[Annotator "NA RC"]
[PlyCount "146"]
[EventDate "2019.10.02"]
[EventType "swiss"]
[EventCountry "IND"]
[SourceTitle "playchess.com"]
[Source "ChessBase"]
[SourceQuality "1"]
[TimeControl "40/5400+30:1800+30"]

1. e4 c5 2. Nf3 e6 3. d4 cxd4 4. Nxd4 Nc6 5. Nc3 Qc7 6. Be3 a6 7. a3 Nf6 8. Be2 Be7 9. O-O O-O 10. Kh1 d6 11. f4 Na5 12. Qe1 Nc4 13. Bc1 {B48: Sicilian: Taimanov: 5 Nc3 Qc7 6 Be3 a6 without Be2} b5 14. b3 Nb6 15. Bd3 $146 ({Predecessor:} 15. Bb2 Bb7 16. Qg3 Rfe8 17. Bd3 Bf8 18. Nf3 Nbd7 19. b4 g6 20. Rae1 Bg7 {1-0 (46) Kalezic,B (2446)-Djukic,N (2450) Bijelo Polje 2004}) 15... Nfd7 16. Bb2 Bb7 17. Rf3 Bf6 18. Qe3 Qc5 19. Nce2 e5 20. b4 $19 ({Better is} 20. fxe5 $15 dxe5 21. Nf5) 20... exd4 21. bxc5 dxe3 22. Bxf6 dxc5 23. Bxg7 Kxg7 24. c3 c4 25. Bc2 Nc5 26. Rxe3 Nd3 27. Nd4 Bxe4 28. Rxe4 Nf2+ 29. Kg1 Nxe4 30. Bxe4 Ra7 31. Re1 Na4 32. Re3 Re8 33. Rg3+ Kf6 34. Nc6 Rd7 35. Ne5 Rd1+ 36. Kf2 Red8 37. Rg5 Nxc3 38. Bxh7 R8d2+ 39. Kg3 Ne2+ 40. Kg4 Nd4 41. Be4 c3 42. Rh5 c2 43. Rh6+ Kg7 44. Rh7+ Kg8 45. Rxf7 Rxg2+ 46. Bxg2 c1=Q 47. Bd5 Rg1+ 48. Kh5 Qc5 49. Rd7+ Kf8 50. Rd8+ Ke7 51. Rd7+ Ke8 52. Bf7+ Kf8 53. Rd8+ Ke7 54. Rd7+ Kf6 55. Bd5 Rg5+ 56. fxg5+ Kxe5 57. Bb7 Ke6 58. Rh7 a5 59. Rh6+ Ke5 60. Rf6 Qc7 61. Ba8 b4 62. axb4 axb4 63. Rf1 Qc3 64. h4 Nf5 65. Kg6 Nxh4+ 66. Kg7 Qg3 67. Kh6 Nf5+ 68. Kg6 Ne7+ 69. Kf7 Qxg5 70. Re1+ Kd6 71. Rd1+ Kc7 72. Bf3 Qf4+ 73. Kxe7 Qxf3 0-1

[Event "WYCC U18 Girls 2019"]
[Site "Mumbai"]
[Date "2019.10.05"]
[Round "5.13"]
[White "Priyanka, Kumari"]
[Black "Jyothsna L"]
[Result "*"]
[ECO "B06"]
[WhiteElo "1921"]
[BlackElo "1995"]
[Annotator "NA"]
[PlyCount "55"]
[EventDate "2019.10.02"]
[EventType "swiss"]
[EventCountry "IND"]
[SourceTitle "playchess.com"]
[Source "ChessBase"]
[SourceQuality "1"]
[TimeControl "40/5400+30:1800+30"]

1. e4 g6 2. d4 Bg7 3. Nc3 d5 4. Nf3 dxe4 5. Nxe4 Nf6 6. Nxf6+ Bxf6 7. Bc4 c6 8. O-O Bg4 9. c3 Bxf3 10. Qxf3 O-O 11. Bf4 Nd7 12. Rad1 e6 13. Rfe1 Re8 14. a4 Nb6 15. Bb3 Bg7 $14 16. a5 Nd5 17. Bd2 b5 18. Bc2 Qd7 19. b3 a6 20. h4 h5 21. Be4 Rac8 22. Bg5 b4 23. c4 Nc3 24. Rd2 f5 25. Bc2 Kf7 26. Qf4 Qc7 27. Qxc7+ Rxc7 28. Bd1 *

[Event "WYCC U18 Girls 2019"]
[Site "Mumbai"]
[Date "2019.10.05"]
[Round "5.14"]
[White "Zeliantsova, Kseniya"]
[Black "Tanishka Kotia"]
[Result "*"]
[ECO "B31"]
[WhiteElo "1994"]
[BlackElo "2090"]
[Annotator "NA"]
[PlyCount "60"]
[EventDate "2019.10.02"]
[EventType "swiss"]
[EventCountry "IND"]
[SourceTitle "playchess.com"]
[Source "ChessBase"]
[SourceQuality "1"]
[TimeControl "40/5400+30:1800+30"]

1. e4 c5 2. Nf3 Nc6 3. Bb5 g6 4. O-O Bg7 5. Re1 Nf6 6. c3 O-O 7. h3 a6 8. Bxc6 dxc6 9. d4 {B31: Sicilian: 2...Nc6 3 Bb5 g6} Be6 10. Nbd2 $146 ({Predecessor:} 10. Qc2 cxd4 11. cxd4 Rc8 12. Be3 Re8 13. Ng5 Qd7 14. Nd2 h6 15. Nxe6 Qxe6 16. a4 Red8 {1-0 (45) Pasko,P (2482)-Sampieri,M (2376) ICCF email 2011}) 10... cxd4 11. cxd4 Qb6 12. Qc2 Rac8 13. Nf1 c5 14. d5 Bd7 15. Ne3 e6 16. Nc4 Qa7 17. d6 Rfd8 (17... b5 $14 18. Nce5 Ne8) 18. Bg5 h6 19. Bh4 $16 g5 20. Bg3 b5 21. Nce5 Bc6 22. Rad1 Ba8 23. Ng4 Nh5 24. Bh2 f6 25. Qe2 e5 26. Ne3 Bxe4 27. Nxg5 hxg5 28. Qxh5 Rc6 29. d7 Qb8 30. h4 gxh4 *

[Event "WYCC U18 Girls 2019"]
[Site "Mumbai"]
[Date "2019.10.05"]
[Round "5.14"]
[White "Zeliantsova, Kseniya"]
[Black "Tanishka, Kotia"]
[Result "1-0"]
[ECO "B31"]
[WhiteElo "1994"]
[BlackElo "2090"]
[Annotator "NA RC"]
[PlyCount "79"]
[EventDate "2019.10.02"]
[EventType "swiss"]
[EventCountry "IND"]
[SourceTitle "playchess.com"]
[Source "ChessBase"]
[SourceQuality "1"]
[TimeControl "40/5400+30:1800+30"]

1. e4 c5 2. Nf3 Nc6 3. Bb5 g6 4. O-O Bg7 5. Re1 Nf6 6. c3 O-O 7. h3 a6 8. Bxc6 dxc6 9. d4 {B31: Sicilian: 2...Nc6 3 Bb5 g6} Be6 10. Nbd2 $146 ({Predecessor:} 10. Qc2 cxd4 11. cxd4 Rc8 12. Be3 Re8 13. Ng5 Qd7 14. Nd2 h6 15. Nxe6 Qxe6 16. a4 Red8 {1-0 (45) Pasko,P (2482)-Sampieri,M (2376) ICCF email 2011}) 10... cxd4 11. cxd4 Qb6 12. Qc2 Rac8 13. Nf1 c5 14. d5 Bd7 15. Ne3 e6 16. Nc4 Qa7 17. d6 Rfd8 (17... b5 $14 18. Nce5 Ne8) 18. Bg5 h6 19. Bh4 $16 g5 20. Bg3 b5 21. Nce5 Bc6 22. Rad1 Ba8 23. Ng4 Nh5 24. Bh2 f6 25. Qe2 e5 26. Ne3 Bxe4 27. Nxg5 hxg5 28. Qxh5 Rc6 29. d7 Qb8 30. h4 gxh4 31. Ng4 Bh7 32. Qxh4 Qc7 33. Qh5 Qb8 34. Re3 Rd6 35. Rde1 R8xd7 36. Rh3 Bf8 37. Nxe5 Re6 38. Qg4+ Kh8 39. Qxe6 Qd6 40. Nf7+ 1-0

[Event "WYCC U18 Girls 2019"]
[Site "Mumbai"]
[Date "2019.10.06"]
[Round "6.1"]
[White "Radeva, Viktoria"]
[Black "Shuvalova, Polina"]
[Result "0-1"]
[ECO "C24"]
[WhiteElo "2277"]
[BlackElo "2412"]
[Annotator "ChessBase"]
[PlyCount "114"]
[EventDate "2019.10.02"]
[EventType "swiss"]
[EventCountry "IND"]
[SourceTitle "playchess.com"]
[Source "ChessBase"]
[SourceQuality "1"]
[TimeControl "40/5400+30:1800+30"]

1. e4 e5 2. Bc4 Nf6 3. d3 c6 4. Nf3 d5 5. Bb3 Bb4+ 6. c3 Bd6 7. exd5 cxd5 8. Bg5 Be6 9. O-O Nbd7 10. c4 d4 11. Nbd2 O-O 12. Re1 Qc7 13. Ba4 Nc5 14. Bc2 a5 15. Bxf6 gxf6 16. Ne4 Be7 17. Nxc5 Qxc5 18. Nd2 Kh8 19. Qh5 Rg8 20. Bd1 Qb4 21. Qe2 Qxb2 22. Rb1 Qxa2 23. Bb3 Qa3 24. Ne4 Bd8 25. Bc2 Qe7 26. Ba4 b6 27. Bc6 Rc8 28. Bb5 Bc7 29. Ng3 f5 30. Bc6 Rg6 31. Rb5 f4 32. Be4 Rg5 33. Nf1 Rcg8 34. g3 Bd7 35. Rb2 a4 36. Qd1 a3 37. Ra2 Bd6 38. Nd2 Bb4 39. Bg2 Bg4 40. Qc2 h5 41. Rb1 fxg3 42. hxg3 h4 43. Ne4 R5g6 44. Qb3 Bc5 45. Nxc5 bxc5 46. Qxa3 hxg3 47. fxg3 Be6 48. Qc1 Qf6 49. Rf2 Qg5 50. Qd1 Qxg3 51. Qh5+ Kg7 52. Rb7 Qe3 53. Rb1 Bd7 54. Rbf1 Rxg2+ 55. Kxg2 Kf8+ 56. Kh1 Bc6+ 57. Rg2 Bxg2+ 0-1

[Event "WYCC U18 Girls 2019"]
[Site "Mumbai"]
[Date "2019.10.06"]
[Round "6.2"]
[White "Afonasieva, Anna"]
[Black "Muetsch, Annmarie"]
[Result "1-0"]
[ECO "E62"]
[WhiteElo "2312"]
[BlackElo "2266"]
[Annotator "NA"]
[PlyCount "102"]
[EventDate "2019.10.02"]
[EventType "swiss"]
[EventCountry "IND"]
[SourceTitle "playchess.com"]
[Source "ChessBase"]
[SourceQuality "1"]
[TimeControl "40/5400+30:1800+30"]

1. d4 Nf6 2. Nf3 g6 3. c4 Bg7 4. g3 O-O 5. Bg2 d6 6. O-O Nc6 7. Nc3 e5 8. dxe5 Nxe5 9. Nxe5 dxe5 10. Qxd8 Rxd8 11. Bg5 Rd4 {[%emt 0:00:09] E62: King's Indian: Fianchetto: 6...c6 and Panno Variation (6...Nc6) without ...a6} 12. Rfd1 (12. b3 c6 13. Na4 Bf5 14. Nc5 Rb8 15. h3 Nd7 16. e3 Rd6 17. Be7 Rd2 18. Rfd1 Rxd1+ 19. Rxd1 Nxc5 20. Bxc5 {½-½ (42) Dreev,A (2662)-Libiszewski,F (2521) Trieste 2019}) 12... c6 13. Rxd4 exd4 14. Rd1 Be6 $146 ({Predecessor:} 14... h6 15. Bxf6 Bxf6 16. Ne4 Bg7 17. Nc5 Rb8 18. b4 b6 19. Nb3 {0-1 (38) Risso,F (1713)-Alvarez,L (2086) Rosario 2017}) 15. Bxf6 Bxf6 16. Ne4 Bg7 17. b3 Rd8 18. Nc5 Bc8 19. Bf3 Bf8 20. Nd3 Bf5 21. h4 h5 22. b4 Bxd3 23. Rxd3 Bxb4 24. Rb3 Bc5 25. Rxb7 d3 26. e3 d2 27. Bd1 a5 28. Rb3 a4 29. Rb1 a3 30. Rb3 Be7 31. Kf1 Rd7 32. Ke2 Kg7 33. Bc2 f6 34. Rb6 Bc5 35. Rxc6 Bb4 36. Kd1 Bc3 37. Rb6 Rc7 38. Bb3 Rc5 39. Kc2 Ba5 40. Rb7+ Kf8 41. Kd3 g5 42. Bd1 g4 43. Rb3 $18 Rf5 44. Rxa3 Ke7 45. Ke2 Rc5 46. Rd3 f5 47. Bb3 Bb4 48. Rd5 Rxd5 49. cxd5 Kd6 50. Bc2 Ke5 51. a4 Kxd5 1-0

[Event "WYCC U18 Girls 2019"]
[Site "Mumbai"]
[Date "2019.10.06"]
[Round "6.3"]
[White "Sliwicka, Alicja"]
[Black "Kucharska, Honorata"]
[Result "1-0"]
[ECO "A46"]
[WhiteElo "2307"]
[BlackElo "2114"]
[Annotator "ChessBase"]
[PlyCount "111"]
[EventDate "2019.10.02"]
[EventType "swiss"]
[EventCountry "IND"]
[SourceTitle "playchess.com"]
[Source "ChessBase"]
[SourceQuality "1"]
[TimeControl "40/5400+30:1800+30"]

1. d4 Nf6 2. Nf3 d5 3. c4 e6 4. Qc2 Be7 5. g3 O-O 6. Bg2 b6 7. cxd5 exd5 8. Bf4 Na6 9. Nbd2 Nb4 10. Qb3 Bf5 11. Rc1 c5 12. a3 Nc6 13. O-O Ne4 14. Rfd1 Na5 15. Qa2 c4 16. b4 cxb3 17. Nxb3 Nc4 18. Nbd2 b5 19. Ne5 Nexd2 20. Bxd2 Rc8 21. a4 f6 22. Nd3 a6 23. Nf4 Be4 24. Ne6 Qd6 25. Nxf8 Bxg2 26. Kxg2 Bxf8 27. axb5 axb5 28. Rb1 Qe6 29. Bb4 Bxb4 30. Rxb4 Qe8 31. Rb3 f5 32. Rf3 Ra8 33. Qc2 g6 34. h4 Rc8 35. Rb3 Na5 36. Rc3 Nc4 37. Rb1 Ra8 38. Qd3 Ra2 39. Qf3 Qd7 40. Qf4 Qe8 41. Rcb3 Ra5 42. h5 Qxe2 43. hxg6 hxg6 44. Qb8+ Kf7 45. Rxb5 Rxb5 46. Qxb5 Qe4+ 47. Kg1 Kg7 48. Qb8 Nd6 49. Qc7+ Kh6 50. Qc1+ Kg7 51. Rb6 Nc4 52. Rb7+ Kf6 53. Qh6 Qe8 54. Qh4+ Ke6 55. Qg5 Nd6 56. Rg7 1-0

[Event "WYCC U18 Girls 2019"]
[Site "Mumbai"]
[Date "2019.10.06"]
[Round "6.4"]
[White "Munkhzul, Turmunkh"]
[Black "Serikbay, Assel"]
[Result "1/2-1/2"]
[ECO "C18"]
[WhiteElo "2332"]
[BlackElo "2208"]
[Annotator "ChessBase"]
[PlyCount "186"]
[EventDate "2019.10.02"]
[EventType "swiss"]
[EventCountry "IND"]
[SourceTitle "playchess.com"]
[Source "ChessBase"]
[SourceQuality "1"]
[TimeControl "40/5400+30:1800+30"]

1. e4 e6 2. d4 d5 3. Nc3 Bb4 4. e5 c5 5. a3 Bxc3+ 6. bxc3 Ne7 7. Qg4 O-O 8. Bd3 c4 9. Bh6 Ng6 10. Bxg6 fxg6 11. Bd2 Qe8 12. Nh3 Qf7 13. O-O Nc6 14. Rae1 Qe7 15. Bc1 Nd8 16. Ng5 Nf7 17. h4 Bd7 18. f3 b5 19. Nh3 Nh6 20. Qg5 Qxg5 21. Bxg5 Kf7 22. Bd2 Ke7 23. Bg5+ Ke8 24. Rb1 Bc6 25. h5 Kd7 26. hxg6 hxg6 27. Bd2 Nf5 28. Nf4 Ne7 29. Kf2 Rh8 30. Rh1 Raf8 31. g4 Rb8 32. Kg2 a6 33. Rxh8 Rxh8 34. Rh1 Rxh1 35. Kxh1 Bb7 36. Be1 a5 37. Bh4 g5 38. Bxg5 Nc6 39. Ne2 b4 40. cxb4 axb4 41. axb4 Nxb4 42. c3 Nd3 43. Kg2 Kc6 44. Kg3 Kd7 45. Bc1 Ke7 46. Ba3+ Kf7 47. Ng1 Bc6 48. Nh3 Kg6 49. f4 Bd7 50. Ng5 Bc8 51. Nf3 Kf7 52. Ng5+ Kg6 53. Kf3 Bd7 54. Ke3 Bc8 55. Bf8 Bd7 56. Be7 Bc8 57. Bd8 Bd7 58. Kf3 Bc8 59. Kg3 Bd7 60. Nf3 Kf7 61. Ba5 Bc8 62. Nh4 g6 63. Nf3 Bd7 64. Ng5+ Kg7 65. Nh3 Kf7 66. Kh4 Kg7 67. Bd8 Kh6 68. Bf6 Bc8 69. Be7 Kg7 70. Kg5 Ne1 71. Ng1 Bd7 72. Kh4 Kf7 73. Bf6 Ng2+ 74. Kg3 Ne3 75. Ne2 Nf1+ 76. Kf2 Nd2 77. Ke3 Nf1+ 78. Kf2 Nd2 79. Bd8 Ne4+ 80. Ke3 Ba4 81. Bh4 Bd1 82. Be1 Ke8 83. g5 Bxe2 84. Kxe2 Kd7 85. Kd1 Kc6 86. Kc2 Kc7 87. Kb2 Kc6 88. Ka2 Kb6 89. Ka3 Kb5 90. Kb2 Kc6 91. Kc2 Kd7 92. Kc1 Kc6 93. Kb2 Kb6 1/2-1/2

[Event "WYCC U18 Girls 2019"]
[Site "Mumbai"]
[Date "2019.10.06"]
[Round "6.5"]
[White "Azali, Tannaz"]
[Black "Schulze, Lara"]
[Result "0-1"]
[ECO "E32"]
[WhiteElo "2022"]
[BlackElo "2327"]
[Annotator "ChessBase"]
[PlyCount "88"]
[EventDate "2019.10.02"]
[EventType "swiss"]
[EventCountry "IND"]
[SourceTitle "playchess.com"]
[Source "ChessBase"]
[SourceQuality "1"]
[TimeControl "40/5400+30:1800+30"]

1. d4 Nf6 2. c4 e6 3. Nc3 Bb4 4. Qc2 b6 5. e4 c5 6. d5 Qe7 7. Be2 d6 8. Nf3 O-O 9. O-O Bxc3 10. bxc3 exd5 11. exd5 Bf5 12. Qxf5 Qxe2 13. Bh6 Qe4 14. Qxe4 Nxe4 15. Bf4 Nd7 16. Rfe1 Rfe8 17. Re3 f5 18. a4 Kf7 19. Rae1 Ndf6 20. h3 h6 21. g4 g5 22. Bh2 f4 23. Rd3 Nd7 24. Kg2 Rad8 25. Rb1 Nef6 26. Rb2 Re4 27. Nd2 Re2 28. Kf1 Rde8 29. Rb1 R2e7 30. Nf3 Ne5 31. Nxe5+ Rxe5 32. a5 Nd7 33. Rd2 Re4 34. Ra2 Rxc4 35. axb6 axb6 36. Ra7 Re7 37. Rb3 Rce4 38. Rc7 Kf6 39. Kg2 Ra4 40. Rb2 Ne5 41. Rxe7 Kxe7 42. Rxb6 Ra3 43. Rb7+ Kf6 44. Rh7 Nf7 0-1

[Event "WYCC U18 Girls 2019"]
[Site "Mumbai"]
[Date "2019.10.06"]
[Round "6.6"]
[White "Vantika Agrawal"]
[Black "Harshini A"]
[Result "1-0"]
[ECO "D02"]
[WhiteElo "2283"]
[BlackElo "2230"]
[Annotator "ChessBase"]
[PlyCount "75"]
[EventDate "2019.10.02"]
[EventType "swiss"]
[EventCountry "IND"]
[SourceTitle "playchess.com"]
[Source "ChessBase"]
[SourceQuality "1"]
[TimeControl "40/5400+30:1800+30"]

1. Nf3 d5 2. d4 Nf6 3. c4 g6 4. cxd5 Nxd5 5. e4 Nb6 6. a4 a5 7. h3 Bg7 8. Bb5+ Bd7 9. Be2 O-O 10. O-O Nc6 11. Nc3 Nb4 12. Bf4 c6 13. Na2 Nxa2 14. Rxa2 Be6 15. Ra1 h6 16. Qc1 Kh7 17. d5 Bd7 18. Rd1 Rc8 19. d6 exd6 20. Bxd6 Re8 21. Qc2 Be6 22. Rd2 Ra8 23. Rad1 Qc8 24. Nd4 Bf8 25. Nxe6 Qxe6 26. Bc7 Nc8 27. f3 Bb4 28. Bc4 Qf6 29. Rd7 Ne7 30. f4 Kg8 31. Be5 Qh4 32. Kh2 Be1 33. Qb3 Qf2 34. Bxf7+ Kf8 35. Rxe1 Qxe1 36. Bxe8 Kxe8 37. Qe6 Qb4 38. Bd6 1-0

[Event "WYCC U18 Girls 2019"]
[Site "Mumbai"]
[Date "2019.10.06"]
[Round "6.7"]
[White "Makhija, Aashna"]
[Black "Obolentseva, Alexandra"]
[Result "1/2-1/2"]
[ECO "B90"]
[WhiteElo "2084"]
[BlackElo "2282"]
[Annotator "ChessBase"]
[PlyCount "62"]
[EventDate "2019.10.02"]
[EventType "swiss"]
[EventCountry "IND"]
[SourceTitle "playchess.com"]
[Source "ChessBase"]
[SourceQuality "1"]
[TimeControl "40/5400+30:1800+30"]

1. e4 c5 2. Nf3 d6 3. d4 cxd4 4. Nxd4 Nf6 5. Nc3 a6 6. Be3 g6 7. f3 Bg7 8. Qd2 b5 9. a4 b4 10. Na2 a5 11. Bb5+ Bd7 12. c3 bxc3 13. Nxc3 O-O 14. O-O Qc7 15. Rab1 Na6 16. Bxa6 Rxa6 17. Ndb5 Qd8 18. Rfc1 Ra8 19. Bd4 Ne8 20. Nd5 Bxd4+ 21. Qxd4 Ng7 22. Ndc7 Ne6 23. Nxe6 fxe6 24. Nc7 Rb8 25. Qa7 Rb4 26. b3 Qb8 27. Qxa5 Rxb3 28. Nb5 Rxb1 29. Rxb1 Qc8 30. Qb4 Qc6 31. Nd4 Qxa4 1/2-1/2

[Event "WYCC U18 Girls 2019"]
[Site "Mumbai"]
[Date "2019.10.06"]
[Round "6.8"]
[White "Cervantes Landeiro, Thalia"]
[Black "Urh, Zala"]
[Result "1-0"]
[ECO "D38"]
[WhiteElo "2176"]
[BlackElo "2105"]
[Annotator "ChessBase"]
[PlyCount "69"]
[EventDate "2019.10.02"]
[EventType "swiss"]
[EventCountry "IND"]
[SourceTitle "playchess.com"]
[Source "ChessBase"]
[SourceQuality "1"]
[TimeControl "40/5400+30:1800+30"]

1. d4 Nf6 2. c4 e6 3. Nf3 d5 4. Nc3 Bb4 5. Qa4+ Nc6 6. Bd2 O-O 7. e3 dxc4 8. Bxc4 Bd6 9. Rd1 e5 10. d5 Ne7 11. e4 h6 12. O-O a6 13. Qc2 c6 14. dxc6 Nxc6 15. h3 Qe7 16. Rfe1 Nb4 17. Qb1 b5 18. Bb3 Be6 19. Nd5 Bxd5 20. exd5 e4 21. Bc3 Qc7 22. Bxf6 exf3 23. Bc3 a5 24. Qf5 a4 25. a3 axb3 26. axb4 fxg2 27. Kxg2 Rfe8 28. Kh1 Rxe1+ 29. Rxe1 Rd8 30. Rg1 Qd7 31. Rxg7+ Kf8 32. Qf3 Bxb4 33. Rg8+ Kxg8 34. Qg3+ Kf8 35. Bxb4+ 1-0

[Event "WYCC U18 Girls 2019"]
[Site "Mumbai"]
[Date "2019.10.06"]
[Round "6.9"]
[White "Sowa, Wiktoria"]
[Black "Yan, Tianqi"]
[Result "0-1"]
[ECO "A06"]
[WhiteElo "2016"]
[BlackElo "2236"]
[Annotator "ChessBase"]
[PlyCount "92"]
[EventDate "2019.10.02"]
[EventType "swiss"]
[EventCountry "IND"]
[SourceTitle "playchess.com"]
[Source "ChessBase"]
[SourceQuality "1"]
[TimeControl "40/5400+30:1800+30"]

1. Nf3 Nf6 2. e3 d5 3. c4 e6 4. b3 c5 5. Bb2 Nc6 6. cxd5 exd5 7. Bb5 Bd7 8. O-O Bd6 9. d4 cxd4 10. Nxd4 O-O 11. Be2 Rc8 12. Nd2 Bb8 13. Rc1 Nxd4 14. Bxd4 Ne4 15. Rxc8 Bxc8 16. Nf3 Bg4 17. Ne5 Bxe2 18. Qxe2 Qc7 19. g3 f6 20. Nd3 Qd7 21. Rc1 Qf5 22. Ne1 Ng5 23. Qc2 Qh3 24. Qd3 Rd8 25. Bb2 Qe6 26. Rc2 Qe4 27. Qxe4 dxe4 28. Kf1 Nf3 29. Nxf3 exf3 30. Ke1 Bd6 31. Bc3 Kf7 32. Rd2 Ke6 33. Rd4 Rc8 34. Kd2 Be5 35. Rd3 Bxc3+ 36. Rxc3 Rxc3 37. Kxc3 Kf5 38. h3 Ke4 39. a4 a5 40. Kc4 h5 41. Kc3 g5 42. Kc4 b6 43. Kc3 f5 44. Kc4 h4 45. gxh4 g4 46. h5 gxh3 {Kd4# Ke5+} 0-1

[Event "WYCC U18 Girls 2019"]
[Site "Mumbai"]
[Date "2019.10.06"]
[Round "6.10"]
[White "Shpanko, Nadiia"]
[Black "Hamedi Nia, Vesal"]
[Result "0-1"]
[ECO "D02"]
[WhiteElo "2213"]
[BlackElo "2057"]
[Annotator "ChessBase"]
[PlyCount "36"]
[EventDate "2019.10.02"]
[EventType "swiss"]
[EventCountry "IND"]
[SourceTitle "playchess.com"]
[Source "ChessBase"]
[SourceQuality "1"]
[TimeControl "40/5400+30:1800+30"]

1. d4 d5 2. Nf3 Nf6 3. g3 Bf5 4. Bg2 c6 5. O-O e6 6. c4 Be7 7. Nbd2 h6 8. c5 b6 9. cxb6 Qxb6 10. Nb1 O-O 11. Nc3 Nbd7 12. Re1 Rac8 13. Na4 Qa6 14. Nd2 c5 15. dxc5 Nxc5 16. Nxc5 Bxc5 17. e4 Bxf2+ 18. Kxf2 Ng4+ 0-1

[Event "WYCC U18 Girls 2019"]
[Site "Mumbai"]
[Date "2019.10.06"]
[Round "6.11"]
[White "Nilssen, Ellen Fredericia"]
[Black "Swiech, Joanna"]
[Result "1/2-1/2"]
[ECO "E01"]
[WhiteElo "2137"]
[BlackElo "2054"]
[Annotator "ChessBase"]
[PlyCount "61"]
[EventDate "2019.10.02"]
[EventType "swiss"]
[EventCountry "IND"]
[SourceTitle "playchess.com"]
[Source "ChessBase"]
[SourceQuality "1"]
[TimeControl "40/5400+30:1800+30"]

1. d4 d5 2. c4 e6 3. g3 Nf6 4. Bg2 c6 5. Nf3 Bd6 6. O-O Nbd7 7. Qc2 O-O 8. b3 Ne4 9. Bb2 Qc7 10. Nc3 f5 11. a4 Ndf6 12. Ne1 Bd7 13. Nd3 b6 14. Rac1 Rac8 15. e3 Nxc3 16. Qxc3 Ne4 17. Qe1 Qd8 18. Qe2 Qe7 19. Rc2 c5 20. Rfc1 dxc4 21. Rxc4 cxd4 22. Rxc8 Rxc8 23. Rxc8+ Bxc8 24. exd4 Bb7 25. Ne5 Bxe5 26. dxe5 Qc5 27. h4 Bd5 28. Bxe4 Bxe4 29. Qd2 Qd5 30. Qxd5 Bxd5 31. b4 1/2-1/2

[Event "WYCC U18 Girls 2019"]
[Site "Mumbai"]
[Date "2019.10.06"]
[Round "6.12"]
[White "Tarini Goyal"]
[Black "Khachatryan, Anna"]
[Result "1/2-1/2"]
[ECO "A49"]
[WhiteElo "2128"]
[BlackElo "2044"]
[Annotator "ChessBase"]
[PlyCount "70"]
[EventDate "2019.10.02"]
[EventType "swiss"]
[EventCountry "IND"]
[SourceTitle "playchess.com"]
[Source "ChessBase"]
[SourceQuality "1"]
[TimeControl "40/5400+30:1800+30"]

1. d4 Nf6 2. Nf3 g6 3. g3 Bg7 4. Bg2 O-O 5. c4 c5 6. d5 d6 7. Nc3 e6 8. O-O exd5 9. cxd5 Re8 10. Re1 a6 11. a4 Nbd7 12. Qc2 Ne5 13. Nxe5 Rxe5 14. Bf4 Re8 15. h3 Nh5 16. Bd2 f5 17. a5 Bd7 18. Na4 Bb5 19. Nb6 Rb8 20. Bc3 Nf6 21. b3 Ne4 22. Bxg7 Kxg7 23. Qb2+ Qf6 24. Qxf6+ Kxf6 25. e3 Re7 26. Ra2 Kf7 27. Rc1 Rd8 28. Bf1 Nf6 29. b4 Bxf1 30. Kxf1 cxb4 31. Rb2 Ne4 32. Rxb4 Nc5 33. Ke2 Kf6 34. Rc2 Rc7 35. Rbc4 Re7 1/2-1/2